Map: Honorgrounds LE

Players

Glückskeks

  • Race: Terran Terran
  • League: Master
  • Spawn Location: 1:00

Railgan - Winner!

  • Race: Zerg Zerg
  • League: Grandmaster
  • Spawn Location: 7:00

VOD

Have the link to the VOD?

Description

Time

  • Played on: March 4, 2017, 6:14 p.m.
  • Length: 16:01
Show
View Real Time Build Order
Export as new Build Order

Glückskeks Terran 

Build Orders: Reaper Expand, MMM Bio 

Get SALT Encoding   

  12  0:00  SCV  
  13  0:12  SCV  
  14  0:19  Supply Depot  
  14  0:24  SCV  
  15  0:41  SCV  
  16  0:42  Barracks  
  16  0:46  Refinery  
  16  0:53  SCV  
  17  1:05  SCV  
  18  1:17  SCV  
  19  1:29  Reaper, Orbital Command  
  20  1:42  Command Center  
  20  1:53  Barracks  
  20  1:56  SCV  
  21  2:02  Barracks Reactor  
  21  2:06  Refinery  
  21  2:08  SCV  
  22  2:15  Supply Depot  
  22  2:20  SCV  
  23  2:27  Factory  
  23  2:37  SCV  
  24  2:39  Marine x2  
  26  2:47  Barracks Tech Lab  
  26  2:49  SCV  
  27  2:58  Marine x2  
  28  3:01  SCV  
  30  3:05  Orbital Command  
  30  3:13  SCV  
  30  3:18  Stimpack  
  31  3:25  Starport, SCV  
  32  3:28  Factory Reactor  
  32  3:29  Marine  
  32  3:33  Marine  
  34  3:35  Marine  
  34  3:37  SCV  
  34  3:40  SCV  
  37  3:49  Supply Depot  
  37  3:50  Marine  
  37  3:51  SCV  
  37  3:52  SCV  
  37  3:54  Marine x2  
  42  4:03  SCV  
  42  4:05  SCV  
  42  4:08  Marine  
  45  4:12  Marine  
  45  4:14  Medivac x2  
  45  4:15  SCV  
  45  4:16  Marine  
  52  4:21  Supply Depot  
  52  4:22  SCV  
  53  4:28  SCV  
  53  4:31  Supply Depot  
  54  4:35  SCV  
  54  4:43  Marine x3, SCV  
  58  4:48  SCV  
  59  4:54  Medivac, Widow Mine  
  59  4:56  SCV  
  59  4:58  Engineering Bay  
  59  4:59  Engineering Bay  
  64  5:00  Marine, Supply Depot  
  64  5:02  Marine x2  
  67  5:10  SCV  
  67  5:11  SCV  
  69  5:18  Marine, Combat Shields  
  70  5:22  Marine x2  
  70  5:23  Command Center  
  70  5:25  SCV  
  69  5:36  Marine, SCV  
  69  5:37  Terran Infantry Weapons Level 1  
  69  5:38  Terran Infantry Armor Level 1  
  69  5:40  Marine  
  69  5:41  SCV  
  73  5:45  Barracks  
  73  5:48  Refinery, SCV  
  73  5:49  Medivac  
  75  5:53  SCV  
  75  5:54  Marine  
  75  5:56  Marine, Factory Reactor  
  78  5:59  Supply Depot  
  78  6:02  Refinery, Supply Depot  
  78  6:19  SCV x2  
  78  6:21  Marine x2  
  78  6:23  Marine  
  81  6:32  Medivac x2, SCV x2  
  79  6:38  Missile Turret x2, Barracks  
  79  6:39  Marine, Barracks  
  77  6:43  Armory  
  77  6:44  Marine x4, Factory Reactor, SCV  
  77  6:46  Orbital Command  
  81  6:48  SCV  
  81  6:52  Supply Depot  
  82  6:56  Marine  
  82  6:57  SCV  
  82  7:00  SCV  
  85  7:05  Marine x2  
  85  7:06  Medivac x2, Marine  
  85  7:08  Marine, Orbital Command  
  93  7:09  SCV  
  93  7:12  SCV  
  93  7:14  Marine  
  96  7:20  Missile Turret  
  96  7:21  SCV  
  97  7:23  Marine  
  97  7:25  Marine  
  97  7:26  Marine  
  97  7:27  Barracks Tech Lab  
  97  7:28  Barracks Reactor, Widow Mine x2  
  104  7:30  SCV  
  104  7:35  Marine  
  104  7:36  Marine  
  107  7:37  Terran Infantry Weapons Level 2  
  107  7:43  Marine  
  107  7:47  Marine x2  
  109  7:53  SCV x2  
  109  7:54  Terran Infantry Armor Level 2, Supply Depot x2, SCV  
  109  7:56  Marine x2  
  109  7:58  Marine  
  114  8:01  Widow Mine  
  117  8:07  Supply Depot  
  117  8:15  Marine x6, Widow Mine, SCV  
  117  8:16  Supply Depot  
  117  8:17  Supply Depot  
  117  8:18  Marine, Marauder  
  129  8:26  Medivac x2  
  133  8:31  Supply Depot  
  133  8:33  Marine x2  
  135  8:36  Marauder  
  135  8:40  Marauder  
  132  8:46  Marine  
  132  8:47  Marine x3  
  125  8:52  Marine x2  
  127  8:57  SCV  
  127  8:58  Marauder  
  127  9:00  Factory  
  127  9:01  Marauder  
  132  9:03  Medivac x2  
  132  9:04  Marine x2  
  132  9:06  Factory Tech Lab  
  132  9:09  Marine, Command Center  
  139  9:12  Missile Turret, Marine x3  
  139  9:13  Missile Turret, Concussive Shells  
  142  9:19  Marauder  
  142  9:23  Marauder  
  146  9:24  Barracks  
  146  9:25  Barracks  
  146  9:29  Siege Tank, Marine  
  146  9:30  Marine x4  
  154  9:33  Marine  
  155  9:40  Marine  
  155  9:47  Marine x2  
  155  9:48  Marine x3  
  155  9:49  Marine  
  155  9:51  Marine  
  158  9:58  Marauder  
  160  10:05  Marine x2, Factory Tech Lab, Marauder  
  160  10:06  Marine  
  165  10:17  Barracks Reactor  
  165  10:20  Marine x3  
  165  10:21  Marauder, Supply Depot  
  170  10:22  Supply Depot x2  
  170  10:23  Marine x2  
  168  10:36  Marine  
  168  10:37  Marauder  
  168  10:41  Marine  
  168  10:42  Marauder  
  174  10:48  Marine x2  
  166  10:50  Marine x2  
  166  10:51  Marine x2  
  166  10:52  Siege Tank x2  
  166  10:54  Marine  
  173  10:58  Marauder  
  173  10:59  Marine  
  173  11:02  Marine x2  
  173  11:03  Marine  
  176  11:06  Marine  
  169  11:16  Planetary Fortress  
  169  11:18  Command Center  
  169  11:19  Marauder, Starport  
  169  11:21  Marauder  
  169  11:23  Marine  
  169  11:25  Marine  
  175  11:35  Marine x4  
  175  11:36  Marine  
  175  11:39  Sensor Tower  
  180  11:41  Marauder  
  180  11:44  Marine x2  
  180  11:45  Marauder  
  180  11:46  Siege Tank  
  185  11:59  Marine x8  
  193  12:02  Marauder  
  195  12:10  Marine, Marauder  
  193  12:17  Marine  
  193  12:22  Siege Tank x2  
  189  12:23  Marine x2  
  189  12:24  Marauder  
  189  12:29  Liberator  
  193  12:31  Marine  
  193  12:32  Marauder  
  184  12:38  Marine x3  
  184  12:40  Marine  
  141  12:45  Marauder  
  141  12:49  Marine x2  
  146  12:53  Marauder  
  146  12:54  Siege Tank x2  
  146  12:55  Marine  
  146  12:57  Marine x2  
  157  13:02  Marine x3  
  157  13:03  Refinery  
  157  13:05  Refinery  
  156  13:06  Marauder  
  156  13:07  Marine x2, Command Center  
  156  13:09  SCV x2  
  162  13:13  Marine  
  162  13:14  Marine x2  
  162  13:18  Marine  
  145  13:20  Marine x3  
  148  13:27  Orbital Command  
  148  13:30  Command Center  
  148  13:32  Marine x2  
  150  13:35  Orbital Command  
  150  13:36  Refinery, SCV  
  150  13:37  Marine x2  
  150  13:40  Medivac x2, Refinery  
  157  13:43  Command Center  
  157  13:44  Supply Depot  
  157  13:45  Supply Depot  
  157  13:46  Supply Depot  
  154  13:49  SCV  
  154  13:54  Liberator x2  
  155  13:55  SCV  
  155  13:57  Engineering Bay  
  155  13:59  Engineering Bay  
  153  14:06  Marine x2  
  152  14:11  Marine  
  152  14:12  Marine x4  
  152  14:13  Marine  
  128  14:29  Marine x2  
  123  14:32  Marine  
  123  14:36  SCV x2  
  110  14:40  Marine, Marauder  
  110  14:41  SCV  
  110  14:42  Marine  
  110  14:45  Orbital Command  
  103  14:49  Marine  
  103  14:52  Marine  
  104  14:54  SCV  
  104  14:58  Marine  
  104  14:59  Marine x3  
  101  15:02  Marine  
  101  15:05  Refinery  
  101  15:06  Refinery  
  99  15:21  Marine x3  
  99  15:22  Marine x2, Marauder  
  99  15:27  SCV  
  99  15:28  Orbital Command  
  107  15:30  Marine  
  108  15:37  Marine  
  108  15:38  Marine  
Show
View Real Time Build Order
Export as new Build Order

Railgan Zerg - Winner!

Build Orders: Pool First, Lurkers 

Get SALT Encoding   

  12  0:01  Drone  
  13  0:12  Overlord  
  13  0:18  Drone  
  14  0:31  Drone x2  
  14  0:35  Drone  
  17  0:49  Drone, Spawning Pool  
  17  0:56  Drone  
  18  1:14  Hatchery  
  18  1:15  Extractor  
  16  1:18  Drone  
  16  1:22  Drone  
  18  1:35  Queen  
  18  1:36  Zergling x2  
  21  1:41  Drone  
  22  1:49  Overlord  
  22  2:07  Drone  
  23  2:11  Queen  
  23  2:12  Drone  
  26  2:21  Drone  
  26  2:22  Metabolic Boost  
  27  2:28  Queen  
  27  2:29  Drone  
  30  2:32  Drone  
  31  2:39  Drone  
  32  2:46  Overlord  
  32  2:49  Drone x2  
  34  2:53  Drone  
  34  2:55  Drone  
  35  2:59  Drone  
  35  3:00  Overlord  
  36  3:06  Lair  
  36  3:20  Drone x3  
  36  3:21  Drone x2  
  36  3:22  Extractor  
  36  3:23  Drone x2  
  36  3:24  Extractor  
  41  3:31  Drone  
  42  3:36  Zergling x4  
  42  3:37  Overlord  
  42  3:38  Drone  
  45  3:43  Drone  
  45  3:45  Drone  
  47  3:52  Drone  
  47  3:53  Drone x2  
  47  3:55  Overlord  
  50  3:59  Extractor, Drone  
  50  4:05  Drone  
  50  4:08  Spire, Drone  
  50  4:09  Drone x2  
  53  4:10  Drone  
  54  4:19  Drone  
  54  4:23  Hatchery  
  54  4:25  Zergling x4  
  54  4:29  Zergling x2  
  57  4:32  Overlord  
  57  4:34  Zergling x2  
  58  4:39  Zergling x2  
  58  4:41  Overlord  
  58  4:43  Overlord  
  58  4:44  Overlord  
  59  4:52  Zergling x2  
  60  4:53  Overseer  
  60  4:56  Zergling x2  
  60  4:57  Zergling x6  
  64  5:01  Zergling x2  
  64  5:03  Queen x2  
  69  5:23  Mutalisk x6  
  69  5:25  Mutalisk  
  80  5:36  Mutalisk x2  
  83  5:43  Drone x2  
  83  5:44  Drone x2  
  83  5:45  Drone  
  88  5:52  Overlord  
  88  5:55  Drone x2, Evolution Chamber  
  88  5:56  Hydralisk Den, Evolution Chamber  
  87  6:00  Drone x3  
  90  6:07  Drone x2  
  90  6:09  Drone  
  90  6:11  Queen  
  93  6:24  Drone  
  93  6:25  Drone x7  
  101  6:33  Drone x2  
  101  6:34  Drone  
  101  6:38  Extractor x2  
  100  6:40  Zerg Missile Weapons Level 1  
  100  6:46  Hatchery  
  99  6:47  Muscular Augments  
  99  6:48  Zerg Ground Armor Level 1  
  99  6:54  Hydralisk x3  
  99  6:58  Overlord x2  
  105  7:03  Overlord  
  105  7:04  Overlord  
  105  7:09  Drone  
  105  7:10  Overlord  
  106  7:16  Overlord  
  106  7:17  Drone x2  
  106  7:22  Hydralisk x3  
  108  7:26  Hydralisk x4  
  122  7:33  Pneumatized Carapace  
  122  7:36  Hydralisk x3  
  128  7:47  Drone x2  
  130  8:01  Drone  
  130  8:02  Drone x3  
  130  8:05  Overlord  
  134  8:06  Hydralisk  
  134  8:07  Hydralisk x6  
  134  8:12  Drone x2  
  150  8:13  Drone x3  
  150  8:14  Hatchery  
  150  8:17  Lurker Den  
  152  8:23  Overseer x3  
  152  8:25  Hydralisk x2  
  152  8:26  Hydralisk  
  158  8:34  Hydralisk  
  158  8:36  Zergling x2  
  150  8:54  Zergling x14  
  157  8:56  Overlord  
  157  8:59  Zerg Missile Weapons Level 2  
  157  9:00  Zerg Ground Armor Level 2  
  157  9:13  Extractor  
  157  9:15  Extractor  
  155  9:17  Zergling x2  
  156  9:32  Zergling x2  
  156  9:34  Overlord, Zergling x16  
  156  9:38  Drone x2  
  167  9:42  Hydralisk x4, Zerg Flyer Weapons Level 1  
  167  9:43  Infestation Pit  
  167  9:45  Hatchery  
  172  9:52  Lurker x3  
  173  9:53  Lurker x3  
  173  9:57  Spine Crawler  
  173  9:58  Spine Crawler  
  174  10:00  Drone, Spore Crawler  
  174  10:01  Drone x4  
  174  10:04  Overlord  
  178  10:07  Overlord  
  178  10:11  Drone x3  
  178  10:12  Overlord  
  181  10:16  Overlord  
  181  10:23  Spine Crawler  
  181  10:25  Spine Crawler  
  181  10:26  Hydralisk  
  181  10:27  Spore Crawler  
  172  10:33  Hydralisk x3  
  172  10:34  Hydralisk  
  169  10:38  Hydralisk  
  169  10:39  Hydralisk x4  
  166  10:51  Drone x3  
  166  10:52  Drone x3  
  166  10:55  Hydralisk  
  170  10:57  Hydralisk  
  170  10:58  Hydralisk x8  
  170  11:03  Hydralisk x4  
  194  11:22  Lurker x4  
  198  11:28  Zergling x2  
  198  11:31  Overlord, Hive  
  199  11:34  Spine Crawler x2, Overlord  
  199  11:37  Extractor x2, Spore Crawler  
  199  11:38  Lurker x2  
  196  11:45  Drone x4  
  197  12:03  Hydralisk  
  198  12:11  Hydralisk  
  196  12:26  Drone  
  192  12:30  Hydralisk  
  192  12:31  Hydralisk x2  
  192  12:32  Drone  
  192  12:36  Drone x2  
  197  12:37  Hydralisk Den  
  197  12:43  Drone  
  197  12:44  Drone x3  
  185  12:47  Extractor  
  182  13:01  Drone x7  
  182  13:04  Zerg Ground Armor Level 3, Zerg Missile Weapons Level 3  
  182  13:05  Drone x4  
  192  13:07  Greater Spire  
  192  13:08  Corruptor x3  
  192  13:10  Zergling x2  
  200  13:17  Hydralisk x2  
  190  13:23  Zergling x2  
  190  13:24  Zergling x16  
  199  13:27  Zergling x2  
  199  13:28  Overlord  
  199  13:31  Overlord  
  199  13:32  Extractor  
  199  13:34  Extractor  
  192  13:44  Hatchery  
  192  13:46  Lurker Den  
  179  14:06  Zergling x14  
  169  14:17  Zergling x14  
  169  14:18  Zergling x8  
  169  14:23  Zergling x2  
  169  14:24  Zergling x14  
  176  14:32  Hydralisk x4  
  176  14:35  Hydralisk x2  
  178  14:41  Hydralisk x6  
  176  14:56  Corruptor  
  176  14:59  Hydralisk x2, Brood Lord x3  
  182  15:01  Drone x4  
  182  15:02  Drone x3  
  182  15:05  Drone x2  
  189  15:18  Hydralisk x5  
  199  15:24  Drone  
  199  15:25  Overlord  
  200  15:29  Ultralisk Cavern  
  200  15:31  Overlord  
  195  15:36  Overlord  
  195  15:39  Overlord  
Tags
 
Add a new tag
Caveats
  • Supply blocks, unpowered buildings, or Contaminate may cause inaccurate times.
  • Supply counts are checked every 10 seconds.